Avalanche vs Sabres
(R1)
Created - May 20, 2018 at 19:01
Goals
|
| Avalanche |
2 |
0 |
1 |
3 |
| Sabres |
1 |
0 |
3 |
4 |
|
Shots
|
| Avalanche |
13 |
5 |
15 |
33 |
| Sabres |
10 |
6 |
9 |
25 |
|
1st period
1. Sabres , Andrei Loktionov 6 (Zack Kassian 4) at 0:59
2. Avalanche , Paul Stastny 6 (Andrei Kostitsyn 6, Dan Boyle 9) at 13:32
3. Avalanche , Mike Comrie 2 (Jack Johnson 6, Chuck Kobasew 3) at 18:33
Penalties :
Chris Drury (Col) for Hooking (Minor) at 4:32, Chuck Kobasew (Col) for Holding (Minor) at 8:17, Andrew Ladd (Col) for Holding (Minor) at 14:37, Ryan O'Reilly (Buf) for High sticking (Double Minor) at 18:51
2nd period
No Goal
Penalties :
Johnny Boychuk (Col) for Slashing (Double Minor) at 6:51, Brandon Yip (Col) for Tripping (Minor) at 14:59, Bryan Little (Col) for Tripping (Minor) at 18:31
3rd period
4. Sabres , Ilya Kovalchuk 6 (Andrei Loktionov 5) at 5:51 (PP)
5. Sabres , Zack Kassian 1 (Ilya Kovalchuk 12, Andrei Loktionov 6) at 6:29 (PP)
6. Sabres , Vincent Lecavalier 5 (Evander Kane 6) at 12:05
7. Avalanche , Chuck Kobasew 1 (Ryan Smyth 3, Mike Comrie 3) at 19:30
Penalties :
Vincent Lecavalier (Buf) for Holding (Minor) at 0:55, Mike Comrie (Col) for Holding (Minor) at 3:15, Paul Stastny (Col) for Charging (Minor) at 5:50, Brandon Yip (Col) for Hooking (Minor) at 6:18, Michael Kostka (Buf) for Roughing (Minor) at 7:11, Chris Drury (Col) for Roughing (Minor) at 16:19
Goalie Stats
Semyon Varlamov (Col), 21 saves from 25 shots - (0.840), L, 8-5-1, 59:40 minutes
Robin Lehner (Buf), 30 saves from 33 shots - (0.909), W, 8-3-1, 60:00 minutes
Players Stats for Avalanche
Player Name G A P +/- PIM S H SB GA TA FO MP PP MP PK MP
------------------------------------------------------------------------------------
Alexander Radulov 0 0 0 0 0 1 0 0 0 0 0/0 10:43 2:58 0:00
Andrei Kostitsyn 0 1 1 1 0 2 1 0 0 0 1/1 15:54 2:58 3:04
Andrew Ladd 0 0 0 0 2 4 0 1 0 0 2/4 12:03 0:00 4:13
Brandon Yip 0 0 0 1 4 0 0 1 0 0 1/1 10:32 0:21 0:00
Bryan Little 0 0 0 -1 2 3 1 0 1 0 9/16 15:28 4:36 0:48
Chris Drury 0 0 0 0 4 0 1 0 0 0 7/11 13:30 0:23 5:19
Chuck Kobasew 1 1 2 1 2 5 2 0 0 0 0/0 15:22 0:00 8:53
Corey Perry 0 0 0 -1 0 2 2 0 1 0 0/0 14:19 4:35 0:00
Dan Boyle 0 1 1 1 0 1 1 0 0 1 0/0 15:52 5:18 0:53
Jack Johnson 0 1 1 0 0 3 0 6 0 1 0/0 26:33 2:39 10:42
Jay Bouwmeester 0 0 0 0 0 1 0 1 0 2 0/0 17:37 5:18 1:05
Johnny Boychuk 0 0 0 0 4 1 0 1 0 0 0/0 19:33 2:31 5:49
Marc Staal 0 0 0 0 0 2 0 3 0 1 0/0 23:41 0:08 10:28
Matt Lashoff 0 0 0 1 0 0 0 1 0 0 0/0 16:44 0:00 7:11
Mike Comrie 1 1 2 1 2 1 3 2 0 0 9/19 15:26 0:26 8:27
Mikkel Boedker 0 0 0 -1 0 1 2 0 1 0 0/2 14:16 4:36 0:00
Paul Stastny 1 0 1 1 2 4 0 1 0 0 3/11 13:02 2:58 0:00
Ryan Smyth 0 1 1 1 0 2 2 0 0 2 0/0 11:11 0:00 5:24
Players Stats for Sabres
Player Name G A P +/- PIM S H SB GA TA FO MP PP MP PK MP
------------------------------------------------------------------------------------
Ales Kotalik 0 0 0 0 0 0 1 1 0 1 0/0 6:56 0:22 0:00
Andrei Loktionov 1 2 3 0 0 5 0 0 0 0 10/19 15:42 9:33 0:00
Brad Richardson 0 0 0 -1 0 1 1 0 0 0 1/2 11:33 0:00 0:00
Brandon Sutter 0 0 0 0 0 0 0 0 0 0 2/2 10:43 0:45 2:20
Darcy Hordichuk 0 0 0 0 0 0 0 0 0 0 1/1 7:29 0:16 0:57
Evander Kane 0 1 1 0 0 3 2 0 0 0 0/0 19:33 8:08 3:00
Ilya Kovalchuk 1 1 2 -1 0 4 3 0 0 0 3/6 25:42 9:33 4:17
Jakub Kindl 0 0 0 2 0 0 0 0 0 0 0/0 8:01 0:01 1:05
Jared Cowen 0 0 0 -2 0 1 3 1 1 0 0/0 24:36 7:32 3:20
Jordan Leopold 0 0 0 0 0 0 0 1 0 0 0/0 11:40 1:12 0:00
Kyle Okposo 0 0 0 0 0 1 1 0 0 0 1/2 16:43 8:05 0:00
Matt Martin 0 0 0 0 0 0 1 0 0 0 0/1 9:05 0:00 2:00
Michael Kostka 0 0 0 -2 2 0 1 2 1 0 0/0 22:46 7:31 2:15
Rob Scuderi 0 0 0 0 0 2 2 1 0 1 0/0 23:38 9:20 4:37
Ryan O'Reilly 0 0 0 -1 4 3 0 0 0 0 9/20 11:52 0:00 0:00
Vincent Lecavalier 1 0 1 0 2 1 3 0 2 1 6/10 20:46 8:04 3:20
Zach Bogosian 0 0 0 0 0 3 0 5 3 0 0/0 29:37 10:32 4:37
Zack Kassian 1 1 2 0 0 1 0 0 0 0 0/2 15:38 9:26 0:00
3 Stars
1 - Andrei Loktionov (Buf)
2 - Ilya Kovalchuk (Buf)
3 - Mike Comrie (Col)
Power Play
Avalanche - 0 on 4 Attempt(s) - 0.00%
Sabres - 2 on 11 Attempt(s) - 18.18%
Penalty Kill
Avalanche - 9 on 11 Attempt(s) - 81.82%
- Score 0 goal in Penalty Kill
Sabres - 4 on 4 Attempt(s) - 100.00%
- Score 0 goal in Penalty Kill
Team Stat
Avalanche - Hits : 15 - Faceoff Wins : 32 - Blocked Shots : 17 - Penalty Minutes : 22
Sabres - Hits : 18 - Faceoff Wins : 33 - Blocked Shots : 11 - Penalty Minutes : 8
Official
Referees : Auger Stephane and Marouelli Dan
Linesman : Scott Cherrey and Mark Pare
Game Notes
Rob Scuderi is injured at 9:31 of 3rd period (Strained Left Knee)
Finance
Level 1 -- Attendance: 6000 (100.00%) -- Ticket Income $546,000
Level 2 -- Attendance: 5000 (100.00%) -- Ticket Income $290,000
Level 3 -- Attendance: 2000 (100.00%) -- Ticket Income $76,000
Level 4 -- Attendance: 4000 (100.00%) -- Ticket Income $112,000
Luxury Box -- Attendance: 1000 (100.00%) -- Ticket Income $164,000
Game was played at the Duff Garden.
Total Attendance: 18000 (100.00%)
Total Ticket Income: $1,188,000
Other Income: $178,200
Total Income: $1,366,200
Avalanche
5 vs 5 Forward
Center Left Wing Right Wing Time % Phy DF OF
1 Bryan Little Mikkel Boedker Corey Perry 30 0 2 2
2 Paul Stastny Andrei Kostitsyn Brandon Yip 30 1 2 2
3 Chris Drury Andrew Ladd Alexander Radulov 25 1 2 2
4 Mike Comrie Ryan Smyth Chuck Kobasew 15 1 2 2
5 vs 5 Defense
Defense Defense Time % Phy DF OF
1 Jack Johnson Marc Staal 40 1 2 2
2 Johnny Boychuk Jay Bouwmeester 35 1 2 2
3 Matt Lashoff Dan Boyle 25 1 2 2
4 Jack Johnson Marc Staal 0 1 2 2
PowerPlay Forward
Center Left Wing Right Wing Time % Phy DF OF
1 Bryan Little Mikkel Boedker Corey Perry 60 1 2 2
2 Paul Stastny Andrei Kostitsyn Alexander Radulov 40 1 2 2
PowerPlay Defense
Defense Defense Time % Phy DF OF
1 Dan Boyle Jay Bouwmeester 60 1 2 2
2 Johnny Boychuk Jack Johnson 40 1 2 2
Penalty Kill 4 Players Forward
Center Wing Time % Phy DF OF
1 Mike Comrie Chuck Kobasew 60 1 2 2
2 Chris Drury Ryan Smyth 40 1 2 2
Penalty Kill 4 Players Defense
Defense Defense Time % Phy DF OF
1 Jack Johnson Marc Staal 60 1 2 2
2 Matt Lashoff Johnny Boychuk 40 1 2 2
Penalty Kill - 3 Players Forward
Forward Time % Phy DF OF
1 Chuck Kobasew 60 1 2 2
2 Ryan Smyth 40 1 2 2
Penalty Kill - 3 Players Defense
Defense Defense Time % Phy DF OF
1 Jack Johnson Marc Staal 60 1 2 2
2 Matt Lashoff Johnny Boychuk 40 1 2 2
4 vs 4 Forward
Center Wing Time % Phy DF OF
1 Bryan Little Corey Perry 60 1 2 2
2 Mikkel Boedker Andrei Kostitsyn 40 1 2 2
4 vs 4 Defense
Defense Defense Time % Phy DF OF
1 Jack Johnson Marc Staal 60 1 2 2
2 Johnny Boychuk Jay Bouwmeester 40 1 2 2
Last Minutes Offensive
Center Left Wing Right Wing Defense Defense
Bryan Little Mikkel Boedker Corey Perry Jack Johnson Dan Boyle
Last Minutes Defensive
Center Left Wing Right Wing Defense Defense
Chris Drury Andrew Ladd Chuck Kobasew Jack Johnson Marc Staal
Goaltenders
Starting : Semyon Varlamov
Backup : Hannu Toivonen
Extra Forwards
Normal : Andrei Kostitsyn, Alexander Radulov, Chris Drury - PP : Mike Comrie, Chris Drury - PK : Andrew Ladd
Extra Defensemen
Normal : Dan Boyle, Johnny Boychuk, Jay Bouwmeester - PP : Dan Boyle - PK : Johnny Boychuk, Jay Bouwmeester
Penalty Shots
Bryan Little, Corey Perry, Mikkel Boedker, Andrei Kostitsyn, Paul Stastny
Scratches
Pernell Karl Subban (Fractured Metatarsal (Right Foot) Injury), Kyle Turris (Healthy)
Sabres
5 vs 5 Forward
Center Left Wing Right Wing Time % Phy DF OF
1 Ryan O'Reilly Ilya Kovalchuk Brad Richardson 40 0 0 5
2 Vincent Lecavalier Evander Kane Kyle Okposo 28 0 0 5
3 Andrei Loktionov Darcy Hordichuk Zack Kassian 22 0 1 4
4 Brandon Sutter Matt Martin Ales Kotalik 10 0 2 3
5 vs 5 Defense
Defense Defense Time % Phy DF OF
1 Rob Scuderi Zach Bogosian 42 0 4 1
2 Jared Cowen Michael Kostka 40 0 5 0
3 Jakub Kindl Jordan Leopold 18 0 5 0
4 Zach Bogosian Jordan Leopold 0 1 2 2
PowerPlay Forward
Center Left Wing Right Wing Time % Phy DF OF
1 Andrei Loktionov Ilya Kovalchuk Zack Kassian 55 0 0 5
2 Vincent Lecavalier Evander Kane Kyle Okposo 45 0 0 5
PowerPlay Defense
Defense Defense Time % Phy DF OF
1 Zach Bogosian Rob Scuderi 55 0 1 4
2 Michael Kostka Jared Cowen 45 0 2 3
Penalty Kill 4 Players Forward
Center Wing Time % Phy DF OF
1 Ilya Kovalchuk Vincent Lecavalier 60 0 5 0
2 Brandon Sutter Evander Kane 40 0 5 0
Penalty Kill 4 Players Defense
Defense Defense Time % Phy DF OF
1 Zach Bogosian Rob Scuderi 60 0 5 0
2 Michael Kostka Jared Cowen 40 0 5 0
Penalty Kill - 3 Players Forward
Forward Time % Phy DF OF
1 Brandon Sutter 60 0 5 0
2 Ilya Kovalchuk 40 0 5 0
Penalty Kill - 3 Players Defense
Defense Defense Time % Phy DF OF
1 Zach Bogosian Rob Scuderi 60 0 5 0
2 Michael Kostka Jared Cowen 40 0 5 0
4 vs 4 Forward
Center Wing Time % Phy DF OF
1 Ilya Kovalchuk Vincent Lecavalier 60 0 1 4
2 Darcy Hordichuk Evander Kane 40 0 2 3
4 vs 4 Defense
Defense Defense Time % Phy DF OF
1 Zach Bogosian Rob Scuderi 60 0 4 1
2 Jakub Kindl Jared Cowen 40 0 5 0
Last Minutes Offensive
Center Left Wing Right Wing Defense Defense
Vincent Lecavalier Ilya Kovalchuk Kyle Okposo Zach Bogosian Jared Cowen
Last Minutes Defensive
Center Left Wing Right Wing Defense Defense
Vincent Lecavalier Ilya Kovalchuk Kyle Okposo Zach Bogosian Jared Cowen
Goaltenders
Starting : Robin Lehner
Backup : Jonas Hiller
Extra Forwards
Normal : Brandon Sutter, Zack Kassian, Matt Martin - PP : Brandon Sutter, Zack Kassian - PK : Matt Martin
Extra Defensemen
Normal : Jordan Leopold, Jakub Kindl, Rob Scuderi - PP : Jordan Leopold - PK : Jakub Kindl, Rob Scuderi
Penalty Shots
Ilya Kovalchuk, Vincent Lecavalier, Darcy Hordichuk, Evander Kane, Kyle Okposo
Scratches
Scottie Upshall (Sore Right Knee Injury), Wade Redden (Healthy)
% Time on Ice - Avalanche
Lines # - Real PCT - Wanted PCT - Time Play
Normal Forward
1 - 30% - 30% - 9:59
2 - 30% - 30% - 10:11
3 - 23% - 25% - 7:33
4 - 17% - 15% - 5:47
Normal Defense
1 - 38% - 40% - 12:44
2 - 35% - 35% - 11:40
3 - 27% - 25% - 9:06
4 - 0% - 0% - 0:00
PP Forward
1 - 58% - 60% - 4:38
2 - 42% - 40% - 3:19
PP Defense
1 - 67% - 60% - 5:18
2 - 33% - 40% - 2:39
PK Forward
1 - 69% - 60% - 12:29
2 - 31% - 40% - 5:35
PK Defense
1 - 58% - 60% - 10:28
2 - 42% - 40% - 7:36
PK3 Forward
1 - 0% - 60%
2 - 0% - 40%
PK3 Defense
1 - 0% - 60%
2 - 0% - 40%
44 Forward
1 - 0% - 60%
2 - 0% - 40%
44 Defense
1 - 0% - 60%
2 - 0% - 40%
Last Minute Offensive - 0:29
Last Minute Defensive - 0:00
Total
Forward - 60:00
Defense - 60:00
|
% Time on Ice - Sabres
Lines # - Real PCT - Wanted PCT - Time Play
Normal Forward
1 - 39% - 40% - 12:59
2 - 25% - 28% - 8:14
3 - 18% - 22% - 5:54
4 - 19% - 10% - 6:23
Normal Defense
1 - 42% - 42% - 14:13
2 - 39% - 40% - 13:01
3 - 19% - 18% - 6:16
4 - 0% - 0% - 0:00
PP Forward
1 - 53% - 55% - 9:39
2 - 47% - 45% - 8:25
PP Defense
1 - 58% - 55% - 10:33
2 - 42% - 45% - 7:31
PK Forward
1 - 87% - 60% - 6:53
2 - 13% - 40% - 1:04
PK Defense
1 - 58% - 60% - 4:37
2 - 42% - 40% - 3:20
PK3 Forward
1 - 0% - 60%
2 - 0% - 40%
PK3 Defense
1 - 0% - 60%
2 - 0% - 40%
44 Forward
1 - 0% - 60%
2 - 0% - 40%
44 Defense
1 - 0% - 60%
2 - 0% - 40%
Last Minute Offensive - 0:00
Last Minute Defensive - 0:29
Total
Forward - 60:00
Defense - 60:00
|
Play by Play
1st period
0:01 of 1st period - Bryan Little wins face-off versus Ryan O'Reilly in neutral zone.
0:13 of 1st period - Snap shot by Ilya Kovalchuk.
0:13 of 1st period - Deflect By Ryan O'Reilly.
0:13 of 1st period - Shot Misses the Net.
0:13 of 1st period - Puck is out of play.
0:14 of 1st period - Andrei Kostitsyn wins face-off versus Vincent Lecavalier in Avalanche zone.
0:41 of 1st period - Johnny Boychuk is hit by Matt Martin and loses puck.
0:50 of 1st period - Snap shot by Alexander Radulov.
0:50 of 1st period - Stopped by Robin Lehner with a rebound.
0:52 of 1st period - Wrist shot by Andrew Ladd.
0:52 of 1st period - Deflect By Matt Martin.
0:52 of 1st period - Shot Blocked by Ales Kotalik.
0:52 of 1st period - Puck is out of play.
0:53 of 1st period - Andrei Loktionov wins face-off versus Mike Comrie in Sabres zone.
0:53 of 1st period - Andrei Loktionov is hit by Dan Boyle.
0:59 of 1st period - Snap shot by Andrei Loktionov.
0:59 of 1st period - Goal by Andrei Loktionov - Avalanche : 0 - Sabres : 1.
1:00 of 1st period - Bryan Little wins face-off versus Brad Richardson in neutral zone.
1:37 of 1st period - Slapshot by Dan Boyle.
1:37 of 1st period - Deflect By Zach Bogosian.
1:37 of 1st period - Stopped by Robin Lehner with a rebound.
1:51 of 1st period - Zach Bogosian is hit by Mike Comrie and loses puck.
2:06 of 1st period - Wrist shot by Zach Bogosian.
2:06 of 1st period - Shot Blocked by Jay Bouwmeester.
2:30 of 1st period - Slapshot by Brad Richardson.
2:30 of 1st period - Shot Misses the Net.
2:32 of 1st period - Slapshot by Zach Bogosian.
2:32 of 1st period - Stopped by Semyon Varlamov with a rebound.
3:09 of 1st period - Icing by Jared Cowen.
3:10 of 1st period - Darcy Hordichuk wins face-off versus Mike Comrie in Sabres zone.
4:08 of 1st period - Wrist shot by Bryan Little.
4:08 of 1st period - Stopped by Robin Lehner without a rebound.
4:09 of 1st period - Paul Stastny wins face-off versus Ryan O'Reilly in Sabres zone.
4:16 of 1st period - Wrist shot by Brad Richardson.
4:16 of 1st period - Stopped by Semyon Varlamov with a rebound.
4:32 of 1st period - Minor Penalty to Chris Drury for Hooking.
4:33 of 1st period - Andrei Loktionov wins face-off versus Mike Comrie in Avalanche zone.
4:42 of 1st period - Snap shot by Zack Kassian.
4:42 of 1st period - Shot Misses the Net.
4:44 of 1st period - Wrist shot by Zach Bogosian.
4:44 of 1st period - Shot Blocked by Marc Staal.
4:46 of 1st period - Wrist shot by Ilya Kovalchuk.
4:46 of 1st period - Deflect By Andrei Loktionov.
4:46 of 1st period - Stopped by Semyon Varlamov with a rebound.
6:32 of 1st period - Penalty to Chris Drury is over, Chris Drury is back on ice.
6:47 of 1st period - Brandon Sutter is hit by Corey Perry and loses puck.
6:58 of 1st period - Slapshot by Brandon Sutter.
6:58 of 1st period - Deflect By Dan Boyle.
6:58 of 1st period - Shot Misses the Net.
6:58 of 1st period - Puck is out of play.
6:59 of 1st period - Ryan O'Reilly wins face-off versus Chris Drury in Avalanche zone.
7:24 of 1st period - Brandon Yip is hit by Vincent Lecavalier and loses puck.
7:29 of 1st period - Wrist shot by Evander Kane.
7:29 of 1st period - Stopped by Semyon Varlamov with a rebound.
8:12 of 1st period - Wrist shot by Brandon Sutter.
8:12 of 1st period - Shot Blocked by Marc Staal.
8:17 of 1st period - Minor Penalty to Chuck Kobasew for Holding.
8:18 of 1st period - Mike Comrie wins face-off versus Andrei Loktionov in Avalanche zone.
10:04 of 1st period - Johnny Boychuk is hit by Evander Kane and loses puck.
10:17 of 1st period - Penalty to Chuck Kobasew is over, Chuck Kobasew is back on ice.
11:47 of 1st period - Wrist shot by Vincent Lecavalier.
11:47 of 1st period - Shot Misses the Net.
11:49 of 1st period - Slapshot by Rob Scuderi.
11:49 of 1st period - Stopped by Semyon Varlamov with a rebound.
12:36 of 1st period - Icing by Jordan Leopold.
12:37 of 1st period - Mike Comrie wins face-off versus Ryan O'Reilly in Sabres zone.
12:38 of 1st period - Snap shot by Ryan Smyth.
12:38 of 1st period - Stopped by Robin Lehner without a rebound.
12:39 of 1st period - Andrei Loktionov wins face-off versus Mike Comrie in Sabres zone.
13:32 of 1st period - Snap shot by Paul Stastny.
13:32 of 1st period - Goal by Paul Stastny - Avalanche : 1 - Sabres : 1.
13:33 of 1st period - Ryan O'Reilly wins face-off versus Paul Stastny in neutral zone.
13:58 of 1st period - Marc Staal is hit by Vincent Lecavalier and loses puck.
14:07 of 1st period - Slapshot by Kyle Okposo.
14:07 of 1st period - Stopped by Semyon Varlamov without a rebound.
14:08 of 1st period - Brandon Yip wins face-off versus Ryan O'Reilly in Avalanche zone.
14:15 of 1st period - Wrist shot by Paul Stastny.
14:15 of 1st period - Stopped by Robin Lehner without a rebound.
14:16 of 1st period - Brad Richardson wins face-off versus Paul Stastny in Sabres zone.
14:16 of 1st period - Brad Richardson is hit by Andrei Kostitsyn.
14:26 of 1st period - Slapshot by Zach Bogosian.
14:26 of 1st period - Stopped by Semyon Varlamov with a rebound.
14:28 of 1st period - Backhand shot by Ilya Kovalchuk.
14:28 of 1st period - Shot Misses the Net.
14:30 of 1st period - Slapshot by Rob Scuderi.
14:30 of 1st period - Stopped by Semyon Varlamov with a rebound.
14:32 of 1st period - Snap shot by Ilya Kovalchuk.
14:32 of 1st period - Shot Misses the Net.
14:34 of 1st period - Snap shot by Zach Bogosian.
14:34 of 1st period - Deflect By Jay Bouwmeester.
14:34 of 1st period - Stopped by Semyon Varlamov without a rebound.
14:35 of 1st period - Chris Drury wins face-off versus Vincent Lecavalier in Avalanche zone.
14:37 of 1st period - Minor Penalty to Andrew Ladd for Holding.
14:38 of 1st period - Andrei Loktionov wins face-off versus Mike Comrie in Avalanche zone.
14:51 of 1st period - Slapshot by Zach Bogosian.
14:51 of 1st period - Shot Blocked by Mike Comrie.
14:53 of 1st period - Slapshot by Zach Bogosian.
14:53 of 1st period - Shot Misses the Net.
15:47 of 1st period - Johnny Boychuk is hit by Rob Scuderi and loses puck.
16:37 of 1st period - Penalty to Andrew Ladd is over, Andrew Ladd is back on ice.
16:56 of 1st period - Icing by Ales Kotalik.
16:57 of 1st period - Brandon Sutter wins face-off versus Paul Stastny in Sabres zone.
17:12 of 1st period - Snap shot by Ales Kotalik.
17:12 of 1st period - Shot Hit the Post.
17:32 of 1st period - Wrist shot by Bryan Little.
17:32 of 1st period - Shot Blocked by Zach Bogosian.
17:34 of 1st period - Slapshot by Johnny Boychuk.
17:34 of 1st period - Stopped by Robin Lehner with a rebound.
18:17 of 1st period - Snap shot by Chuck Kobasew.
18:17 of 1st period - Stopped by Robin Lehner without a rebound.
18:18 of 1st period - Mike Comrie wins face-off versus Andrei Loktionov in Sabres zone.
18:29 of 1st period - Wrist shot by Chuck Kobasew.
18:29 of 1st period - Stopped by Robin Lehner with a rebound.
18:31 of 1st period - Slapshot by Jack Johnson.
18:31 of 1st period - Shot Misses the Net.
18:33 of 1st period - Backhand shot by Mike Comrie.
18:33 of 1st period - Goal by Mike Comrie - Avalanche : 2 - Sabres : 1.
18:34 of 1st period - Chris Drury wins face-off versus Ryan O'Reilly in neutral zone.
18:41 of 1st period - Snap shot by Andrew Ladd.
18:41 of 1st period - Stopped by Robin Lehner with a rebound.
18:51 of 1st period - Double Minor Penalty to Ryan O'Reilly for High sticking.
18:52 of 1st period - Bryan Little wins face-off versus Ilya Kovalchuk in Sabres zone.
19:00 of 1st period - Snap shot by Bryan Little.
19:00 of 1st period - Stopped by Robin Lehner without a rebound.
19:01 of 1st period - Ilya Kovalchuk wins face-off versus Bryan Little in Sabres zone.
19:14 of 1st period - Slapshot by Zach Bogosian.
19:14 of 1st period - Shot Misses the Net.
19:56 of 1st period - Snap shot by Bryan Little.
19:56 of 1st period - Deflect By Corey Perry.
19:56 of 1st period - Stopped by Robin Lehner with a rebound.
Goals for this period are 2 for Avalanche vs 1 for Sabres.
Shots for this period are 13 for Avalanche vs 10 for Sabres.
2nd period
0:01 of 2nd period - Ilya Kovalchuk wins face-off versus Bryan Little in neutral zone.
0:46 of 2nd period - Jared Cowen is hit by Mikkel Boedker and loses puck.
1:28 of 2nd period - Corey Perry is hit by Evander Kane and loses puck.
2:51 of 2nd period - Penalty to Ryan O'Reilly is over, Ryan O'Reilly is back on ice.
2:55 of 2nd period - Zach Bogosian is hit by Chuck Kobasew and loses puck.
3:20 of 2nd period - Slapshot by Rob Scuderi.
3:20 of 2nd period - Shot Blocked by Marc Staal.
3:24 of 2nd period - Snap shot by Darcy Hordichuk.
3:24 of 2nd period - Shot Hit the Post.
3:26 of 2nd period - Slapshot by Zach Bogosian.
3:26 of 2nd period - Shot Blocked by Matt Lashoff.
6:12 of 2nd period - Zach Bogosian is hit by Ryan Smyth.
6:21 of 2nd period - Jared Cowen is hit by Ryan Smyth and loses puck.
6:42 of 2nd period - Icing by Jared Cowen.
6:43 of 2nd period - Chris Drury wins face-off versus Ryan O'Reilly in Sabres zone.
6:44 of 2nd period - Snap shot by Alexander Radulov.
6:44 of 2nd period - Shot Misses the Net.
6:51 of 2nd period - Double Minor Penalty to Johnny Boychuk for Slashing.
6:52 of 2nd period - Mike Comrie wins face-off versus Ilya Kovalchuk in Avalanche zone.
7:02 of 2nd period - Wrist shot by Andrei Loktionov.
7:02 of 2nd period - Stopped by Semyon Varlamov without a rebound.
7:03 of 2nd period - Mike Comrie wins face-off versus Andrei Loktionov in Avalanche zone.
7:16 of 2nd period - Snap shot by Andrei Loktionov.
7:16 of 2nd period - Shot Blocked by Jack Johnson.
7:18 of 2nd period - Slapshot by Zach Bogosian.
7:18 of 2nd period - Shot Blocked by Jack Johnson.
7:43 of 2nd period - Snap shot by Ryan Smyth.
7:43 of 2nd period - Stopped by Robin Lehner without a rebound.
7:44 of 2nd period - Andrei Loktionov wins face-off versus Chris Drury in Sabres zone.
7:44 of 2nd period - Andrei Loktionov is hit by Chris Drury.
7:47 of 2nd period - Icing by Ilya Kovalchuk.
7:48 of 2nd period - Mike Comrie wins face-off versus Andrei Loktionov in Sabres zone.
7:49 of 2nd period - Slapshot by Jack Johnson.
7:49 of 2nd period - Stopped by Robin Lehner with a rebound.
7:59 of 2nd period - Slapshot by Andrei Loktionov.
7:59 of 2nd period - Stopped by Semyon Varlamov with a rebound.
8:01 of 2nd period - Slapshot by Ilya Kovalchuk.
8:01 of 2nd period - Shot Misses the Net.
8:03 of 2nd period - Slapshot by Jared Cowen.
8:03 of 2nd period - Deflect By Mike Comrie.
8:03 of 2nd period - Stopped by Semyon Varlamov without a rebound.
8:04 of 2nd period - Vincent Lecavalier wins face-off versus Mike Comrie in Avalanche zone.
8:33 of 2nd period - Snap shot by Ilya Kovalchuk.
8:33 of 2nd period - Stopped by Semyon Varlamov with a rebound.
8:35 of 2nd period - Slapshot by Andrei Loktionov.
8:35 of 2nd period - Shot Misses the Net.
8:37 of 2nd period - Snap shot by Andrei Loktionov.
8:37 of 2nd period - Shot Misses the Net.
8:39 of 2nd period - Slapshot by Zach Bogosian.
8:39 of 2nd period - Shot Blocked by Jack Johnson.
10:51 of 2nd period - Penalty to Johnny Boychuk is over, Johnny Boychuk is back on ice.
10:59 of 2nd period - Backhand shot by Jack Johnson.
10:59 of 2nd period - Stopped by Robin Lehner without a rebound.
11:00 of 2nd period - Bryan Little wins face-off versus Ryan O'Reilly in Sabres zone.
11:08 of 2nd period - Off-side.
11:09 of 2nd period - Ryan O'Reilly wins face-off versus Paul Stastny in neutral zone.
11:17 of 2nd period - Snap shot by Ryan O'Reilly.
11:17 of 2nd period - Stopped by Semyon Varlamov with a rebound.
11:31 of 2nd period - Marc Staal is hit by Brad Richardson and loses puck.
12:10 of 2nd period - Backhand shot by Andrew Ladd.
12:10 of 2nd period - Stopped by Robin Lehner with a rebound.
12:12 of 2nd period - Snap shot by Chris Drury.
12:12 of 2nd period - Deflect By Alexander Radulov.
12:12 of 2nd period - Shot Hit the Post.
12:12 of 2nd period - Puck is out of play.
12:13 of 2nd period - Brandon Sutter wins face-off versus Chris Drury in Sabres zone.
12:45 of 2nd period - Corey Perry is hit by Ales Kotalik and loses puck.
12:49 of 2nd period - Icing by Johnny Boychuk.
12:50 of 2nd period - Ryan O'Reilly wins face-off versus Bryan Little in Avalanche zone.
13:34 of 2nd period - Wrist shot by Corey Perry.
13:34 of 2nd period - Stopped by Robin Lehner without a rebound.
13:35 of 2nd period - Ryan O'Reilly wins face-off versus Paul Stastny in Sabres zone.
13:40 of 2nd period - Slapshot by Zach Bogosian.
13:40 of 2nd period - Shot Blocked by Brandon Yip.
13:51 of 2nd period - Jack Johnson is hit by Ilya Kovalchuk.
14:42 of 2nd period - Dan Boyle is hit by Jared Cowen and loses puck.
14:59 of 2nd period - Minor Penalty to Brandon Yip for Tripping.
15:00 of 2nd period - Mike Comrie wins face-off versus Andrei Loktionov in Avalanche zone.
15:17 of 2nd period - Mike Comrie is hit by Rob Scuderi and loses puck.
16:59 of 2nd period - Penalty to Brandon Yip is over, Brandon Yip is back on ice.
17:39 of 2nd period - Slapshot by Andrew Ladd.
17:39 of 2nd period - Shot Blocked by Zach Bogosian.
17:42 of 2nd period - Icing by Darcy Hordichuk.
17:43 of 2nd period - Chris Drury wins face-off versus Andrei Loktionov in Sabres zone.
18:17 of 2nd period - Off-side.
18:18 of 2nd period - Bryan Little wins face-off versus Kyle Okposo in neutral zone.
18:25 of 2nd period - Rob Scuderi is hit by Bryan Little and loses puck.
18:31 of 2nd period - Minor Penalty to Bryan Little for Tripping.
18:32 of 2nd period - Mike Comrie wins face-off versus Andrei Loktionov in Avalanche zone.
18:46 of 2nd period - Snap shot by Ilya Kovalchuk.
18:46 of 2nd period - Stopped by Semyon Varlamov with a rebound.
18:48 of 2nd period - Slapshot by Zach Bogosian.
18:48 of 2nd period - Shot Blocked by Jack Johnson.
19:23 of 2nd period - Michael Kostka is hit by Mike Comrie and loses puck.
Goals for this period are 0 for Avalanche vs 0 for Sabres.
Shots for this period are 5 for Avalanche vs 6 for Sabres.
3rd period
0:01 of 3rd period - Andrei Loktionov wins face-off versus Mike Comrie in neutral zone.
0:31 of 3rd period - Penalty to Bryan Little is over, Bryan Little is back on ice.
0:41 of 3rd period - Evander Kane is hit by Mike Comrie and loses puck.
0:55 of 3rd period - Minor Penalty to Vincent Lecavalier for Holding.
0:56 of 3rd period - Bryan Little wins face-off versus Ilya Kovalchuk in Sabres zone.
0:56 of 3rd period - Snap shot by Mikkel Boedker.
0:56 of 3rd period - Stopped by Robin Lehner with a rebound.
1:22 of 3rd period - Andrei Kostitsyn is hit by Jared Cowen and loses puck.
2:55 of 3rd period - Penalty to Vincent Lecavalier is over, Vincent Lecavalier is back on ice.
3:15 of 3rd period - Minor Penalty to Mike Comrie for Holding.
3:16 of 3rd period - Vincent Lecavalier wins face-off versus Andrew Ladd in Avalanche zone.
3:17 of 3rd period - Wrist shot by Evander Kane.
3:17 of 3rd period - Shot Blocked by Jack Johnson.
3:19 of 3rd period - Slapshot by Evander Kane.
3:19 of 3rd period - Stopped by Semyon Varlamov with a rebound.
3:23 of 3rd period - Snap shot by Evander Kane.
3:23 of 3rd period - Deflect By Vincent Lecavalier.
3:23 of 3rd period - Shot Misses the Net.
3:23 of 3rd period - Puck is out of play.
3:24 of 3rd period - Kyle Okposo wins face-off versus Andrew Ladd in Avalanche zone.
3:37 of 3rd period - Wrist shot by Evander Kane.
3:37 of 3rd period - Shot Blocked by Andrew Ladd.
3:39 of 3rd period - Wrist shot by Vincent Lecavalier.
3:39 of 3rd period - Deflect By Evander Kane.
3:39 of 3rd period - Shot Blocked by Jack Johnson.
3:39 of 3rd period - Puck is out of play.
3:40 of 3rd period - Andrew Ladd wins face-off versus Zack Kassian in Avalanche zone.
4:05 of 3rd period - Andrew Ladd is hit by Ilya Kovalchuk and loses puck.
4:10 of 3rd period - Wrist shot by Andrei Loktionov.
4:10 of 3rd period - Stopped by Semyon Varlamov without a rebound.
4:11 of 3rd period - Andrew Ladd wins face-off versus Vincent Lecavalier in Avalanche zone.
4:11 of 3rd period - Andrew Ladd is hit by Michael Kostka.
4:43 of 3rd period - Zack Kassian is hit by Chuck Kobasew and loses puck.
5:15 of 3rd period - Penalty to Mike Comrie is over, Mike Comrie is back on ice.
5:20 of 3rd period - Backhand shot by Mikkel Boedker.
5:20 of 3rd period - Shot Misses the Net.
5:50 of 3rd period - Minor Penalty to Paul Stastny for Charging.
5:51 of 3rd period - Andrei Loktionov wins face-off versus Mike Comrie in Avalanche zone.
5:51 of 3rd period - Snap shot by Ilya Kovalchuk.
5:51 of 3rd period - Goal by Ilya Kovalchuk - Avalanche : 2 - Sabres : 2.
5:52 of 3rd period - Paul Stastny wins face-off versus Ryan O'Reilly in neutral zone.
5:59 of 3rd period - Snap shot by Brad Richardson.
5:59 of 3rd period - Shot Blocked by Paul Stastny.
6:03 of 3rd period - Snap shot by Ryan O'Reilly.
6:03 of 3rd period - Stopped by Semyon Varlamov without a rebound.
6:04 of 3rd period - Ryan O'Reilly wins face-off versus Paul Stastny in Avalanche zone.
6:18 of 3rd period - Minor Penalty to Brandon Yip for Hooking.
6:19 of 3rd period - Andrei Loktionov wins face-off versus Mike Comrie in Avalanche zone.
6:19 of 3rd period - Slapshot by Ilya Kovalchuk.
6:19 of 3rd period - Shot Blocked by Mike Comrie.
6:29 of 3rd period - Wrist shot by Zack Kassian.
6:29 of 3rd period - Goal by Zack Kassian - Avalanche : 2 - Sabres : 3.
6:30 of 3rd period - Ryan O'Reilly wins face-off versus Paul Stastny in neutral zone.
6:43 of 3rd period - Snap shot by Paul Stastny.
6:43 of 3rd period - Stopped by Robin Lehner with a rebound.
6:45 of 3rd period - Wrist shot by Andrei Kostitsyn.
6:45 of 3rd period - Shot Misses the Net.
7:11 of 3rd period - Minor Penalty to Michael Kostka for Roughing.
7:12 of 3rd period - Vincent Lecavalier wins face-off versus Bryan Little in Sabres zone.
7:12 of 3rd period - Vincent Lecavalier is hit by Mikkel Boedker.
7:22 of 3rd period - Wrist shot by Jay Bouwmeester.
7:22 of 3rd period - Stopped by Robin Lehner with a rebound.
7:46 of 3rd period - Andrei Kostitsyn is hit by Jared Cowen and loses puck.
8:55 of 3rd period - Icing by Mikkel Boedker.
8:56 of 3rd period - Bryan Little wins face-off versus Matt Martin in Avalanche zone.
9:11 of 3rd period - Penalty to Michael Kostka is over, Michael Kostka is back on ice.
9:25 of 3rd period - Slapshot by Chuck Kobasew.
9:25 of 3rd period - Shot Hit the Post.
9:27 of 3rd period - Backhand shot by Mike Comrie.
9:27 of 3rd period - Shot Misses the Net.
9:29 of 3rd period - Snap shot by Chuck Kobasew.
9:29 of 3rd period - Stopped by Robin Lehner without a rebound.
9:30 of 3rd period - Chris Drury wins face-off versus Andrei Loktionov in Sabres zone.
9:31 of 3rd period - Slapshot by Jack Johnson.
9:31 of 3rd period - Deflect By Chris Drury.
9:31 of 3rd period - Shot Blocked by Rob Scuderi.
9:31 of 3rd period - Rob Scuderi from Sabres is injured at 9:31 of 3rd period (Strained Left Knee).
9:32 of 3rd period - Paul Stastny wins face-off versus Ryan O'Reilly in Sabres zone.
9:33 of 3rd period - Snap shot by Andrei Kostitsyn.
9:33 of 3rd period - Shot Misses the Net.
10:10 of 3rd period - Wrist shot by Zach Bogosian.
10:10 of 3rd period - Shot Blocked by Johnny Boychuk.
10:18 of 3rd period - Wrist shot by Andrei Kostitsyn.
10:18 of 3rd period - Stopped by Robin Lehner with a rebound.
10:20 of 3rd period - Slapshot by Paul Stastny.
10:20 of 3rd period - Stopped by Robin Lehner with a rebound.
10:30 of 3rd period - Snap shot by Evander Kane.
10:30 of 3rd period - Stopped by Semyon Varlamov with a rebound.
11:57 of 3rd period - Snap shot by Andrei Kostitsyn.
11:57 of 3rd period - Shot Blocked by Jared Cowen.
11:59 of 3rd period - Snap shot by Andrei Kostitsyn.
11:59 of 3rd period - Stopped by Robin Lehner without a rebound.
12:00 of 3rd period - Vincent Lecavalier wins face-off versus Mikkel Boedker in Sabres zone.
12:05 of 3rd period - Wrist shot by Vincent Lecavalier.
12:05 of 3rd period - Goal by Vincent Lecavalier - Avalanche : 2 - Sabres : 4.
12:06 of 3rd period - Vincent Lecavalier wins face-off versus Bryan Little in neutral zone.
12:08 of 3rd period - Off-side.
12:09 of 3rd period - Vincent Lecavalier wins face-off versus Bryan Little in neutral zone.
12:38 of 3rd period - Slapshot by Jack Johnson.
12:38 of 3rd period - Shot Blocked by Jordan Leopold.
12:40 of 3rd period - Slapshot by Marc Staal.
12:40 of 3rd period - Shot Blocked by Zach Bogosian.
12:42 of 3rd period - Slapshot by Marc Staal.
12:42 of 3rd period - Shot Blocked by Zach Bogosian.
12:44 of 3rd period - Snap shot by Alexander Radulov.
12:44 of 3rd period - Deflect By Andrew Ladd.
12:44 of 3rd period - Stopped by Robin Lehner with a rebound.
12:46 of 3rd period - Wrist shot by Chris Drury.
12:46 of 3rd period - Shot Blocked by Zach Bogosian.
13:06 of 3rd period - Wrist shot by Chuck Kobasew.
13:06 of 3rd period - Stopped by Robin Lehner with a rebound.
13:21 of 3rd period - Off-side.
13:22 of 3rd period - Chris Drury wins face-off versus Vincent Lecavalier in neutral zone.
13:49 of 3rd period - Icing by Ilya Kovalchuk.
13:50 of 3rd period - Bryan Little wins face-off versus Ryan O'Reilly in Sabres zone.
13:55 of 3rd period - Wrist shot by Bryan Little.
13:55 of 3rd period - Deflect By Brad Richardson.
13:55 of 3rd period - Shot Blocked by Michael Kostka.
13:55 of 3rd period - Puck is out of play.
13:56 of 3rd period - Bryan Little wins face-off versus Ryan O'Reilly in Sabres zone.
13:59 of 3rd period - Snap shot by Bryan Little.
13:59 of 3rd period - Shot Misses the Net.
14:13 of 3rd period - Wrist shot by Ryan O'Reilly.
14:13 of 3rd period - Stopped by Semyon Varlamov with a rebound.
14:25 of 3rd period - Wrist shot by Andrew Ladd.
14:25 of 3rd period - Shot Misses the Net.
14:27 of 3rd period - Slapshot by Jack Johnson.
14:27 of 3rd period - Shot Misses the Net.
14:29 of 3rd period - Snap shot by Andrew Ladd.
14:29 of 3rd period - Stopped by Robin Lehner with a rebound.
14:31 of 3rd period - Slapshot by Marc Staal.
14:31 of 3rd period - Stopped by Robin Lehner with a rebound.
14:33 of 3rd period - Wrist shot by Andrew Ladd.
14:33 of 3rd period - Shot Misses the Net.
14:35 of 3rd period - Snap shot by Andrew Ladd.
14:35 of 3rd period - Deflect By Alexander Radulov.
14:35 of 3rd period - Shot Blocked by Michael Kostka.
14:35 of 3rd period - Puck is out of play.
14:36 of 3rd period - Ryan O'Reilly wins face-off versus Paul Stastny in Sabres zone.
15:02 of 3rd period - Johnny Boychuk is hit by Vincent Lecavalier and loses puck.
15:34 of 3rd period - Off-side.
15:35 of 3rd period - Mike Comrie wins face-off versus Andrei Loktionov in neutral zone.
16:10 of 3rd period - Off-side.
16:11 of 3rd period - Chris Drury wins face-off versus Zack Kassian in neutral zone.
16:19 of 3rd period - Minor Penalty to Chris Drury for Roughing.
16:20 of 3rd period - Andrei Loktionov wins face-off versus Mike Comrie in Avalanche zone.
16:28 of 3rd period - Slapshot by Ilya Kovalchuk.
16:28 of 3rd period - Stopped by Semyon Varlamov with a rebound.
16:46 of 3rd period - Andrew Ladd is hit by Kyle Okposo and loses puck.
17:38 of 3rd period - Johnny Boychuk is hit by Ilya Kovalchuk and loses puck.
18:19 of 3rd period - Penalty to Chris Drury is over, Chris Drury is back on ice.
18:30 of 3rd period - Wrist shot by Marc Staal.
18:30 of 3rd period - Deflect By Brandon Sutter.
18:30 of 3rd period - Stopped by Robin Lehner with a rebound.
18:32 of 3rd period - Slapshot by Jack Johnson.
18:32 of 3rd period - Stopped by Robin Lehner without a rebound.
18:33 of 3rd period - Ryan O'Reilly wins face-off versus Bryan Little in Sabres zone.
18:33 of 3rd period - Brad Richardson is hit by Corey Perry and loses puck.
18:54 of 3rd period - Wrist shot by Bryan Little.
18:54 of 3rd period - Stopped by Robin Lehner without a rebound.
18:55 of 3rd period - Andrei Loktionov wins face-off versus Chris Drury in Sabres zone.
19:28 of 3rd period - Snap shot by Ryan Smyth.
19:28 of 3rd period - Shot Misses the Net.
19:30 of 3rd period - Snap shot by Chuck Kobasew.
19:30 of 3rd period - Goal by Chuck Kobasew - Avalanche : 3 - Sabres : 4.
19:31 of 3rd period - Ilya Kovalchuk wins face-off versus Mikkel Boedker in neutral zone.
19:40 of 3rd period - Avalanche, Semyon Varlamov is pulled from the net.
Goals for this period are 1 for Avalanche vs 3 for Sabres.
Shots for this period are 15 for Avalanche vs 9 for Sabres.
Back to the Top